 Dungeon Crawl Stone Soup version 0.30.1-11-g7821555f0a (webtiles) character file.

Game seed: 15926191346585575579

100 KittyFluff the Cudgeller (level 4, -1/28 HPs)
             Began as a Gargoyle Berserker on Nov 11, 2023.
             Was a Believer of Trog.
             Slain by a gnoll
             ... wielding a +0 flail
              (9 damage)
             ... on level 3 of the Dungeon.
             The game lasted 00:09:15 (2264 turns).

KittyFluff the Cudgeller (Gargoyle Berserker)       Turns: 2264, Time: 00:09:16

Health: -1/28      AC: 10    Str: 23    XL:     4   Next: 73%
Magic:  4/4        EV: 11    Int:  7    God:    Trog [**....]
Gold:   130        SH:  0    Dex:  9    Spells: 3/3 levels left

rFire   . . .        a - +0 mace
rCold   . . .        (no shield)
rNeg    + . .        i - +0 leather armour
rPois   ∞            m - +0 helmet
rElec   +            (no cloak)
rCorr   .            (no gloves)
SInv    .            o - +1 pair of boots
Will    .....        (no amulet)
Stlth   +            (no ring)
HPRegen 0.24/turn    (no ring)
MPRegen 0.09/turn

%: no passive effects
@: no status effects
A: sickness immunity, AC +3, negative energy resistance 1, electricity
resistance, torment resistance 1, petrification resistance
a: Renounce Religion, Berserk, Trog's Hand


You were on level 3 of the Dungeon.
You worshipped Trog.
Trog was pleased with you.
You visited 1 branch of the dungeon, and saw 3 of its levels.

You collected 130 gold pieces.

Inventory:

Hand Weapons
 a - a +0 mace (weapon)
Missiles
 e - 19 poisoned darts (quivered)
 k - 3 boomerangs
Armour
 i - a +0 leather armour (worn)
 l - a +0 ring mail
 m - a +0 helmet (worn)
 o - a +1 pair of boots (worn)
Scrolls
 b - a scroll of blinking {unknown}
 c - a scroll of amnesia {unknown}
 d - a scroll of magic mapping {unknown}
 h - 3 scrolls of teleportation {unknown}
 j - 2 scrolls of identify
 p - a scroll of noise {unknown}
 q - a scroll of poison {unknown}
 r - a scroll of vulnerability {unknown}
 s - 2 scrolls of immolation {unknown}
Potions
 f - 2 potions of berserk rage
 g - 3 potions of attraction
 n - a potion of invisibility {unknown}
 t - a potion of might {unknown}


   Skills:
 + Level 3.6 Fighting
 * Level 3.8 Maces & Flails
 * Level 3.4 Armour
 + Level 2.0 Dodging
 + Level 1.4 Stealth


You had 3 spell levels left.
You didn't know any spells.
Your spell library was empty.

Dungeon Overview and Level Annotations

Branches:
Dungeon (3/15)

Altars:


Innate Abilities, Weirdness & Mutations

You are immune to sickness and miasma.
Your stone body is resilient. (AC +3)
You are immune to poison.
You resist negative energy. (rN+)
You are resistant to electric shocks. (rElec)
You are resistant to unholy torment.
You are immune to petrification.


Message History

Trog accepts your kill. The gnoll completely misses you. The gnoll misses you.
Things that are here:
a +0 spear; a gnoll corpse You hit the gnoll.
The gnoll is lightly wounded.
The gnoll barely misses you. The gnoll hits you but does no damage.
You closely miss the gnoll.
The gnoll is lightly wounded.
The gnoll hits you but does no damage.
You closely miss the gnoll.
The gnoll is lightly wounded.
The gnoll closely misses you.
You sock the gnoll!
The gnoll is severely wounded.
The gnoll closely misses you.
You hit the gnoll but do no damage.
The gnoll is severely wounded.
The gnoll hits you with a +0 spear.
You barely miss the gnoll.
The gnoll is severely wounded.
The gnoll completely misses you. The gnoll hits you but does no damage.
You closely miss the gnoll.
The gnoll is severely wounded.
The gnoll hits you but does no damage.
You closely miss the gnoll.
The gnoll is severely wounded.
The gnoll hits you with a +0 spear.
You completely miss the gnoll.
The gnoll is severely wounded.
The gnoll hits you but does no damage.
You sock the gnoll!
You kill the gnoll!
Trog accepts your kill.
You hit the gnoll but do no damage. Your punch misses the gnoll.
The gnoll hits you with a +0 flail!
* * * LOW HITPOINT WARNING * * *
The gnoll hits you with a +0 flail!
You die...

#......# #......# ####
#......##.... #............
#######.......#..
####.............#..
.................##..
#####......#####g##..#####
###### .###.......#
#@##......# #....#
..#...#....#
#.##......###.##.#
..)..##...##
#.##.............#
#.).###...#
#...............##
.....##...#
######......#.....
..#...#...#
...#....)#.####.#
.###......####+###.#.#.....#
#.#
#####...<............#.#.###
#.#
......###..............#.#
#.#


You could see a gnoll.

Vanquished Creatures
  2 gnolls (D:3)
  3 orcs (D:3)
  8 endoplasms
  10 giant cockroaches
  7 hobgoblins
  7 jackals (D:1)
  5 kobolds
  A quokka (D:1)
  7 ball pythons
  3 bats
  5 frilled lizards
  3 goblins
  5 rats
66 creatures vanquished.

Notes
Turn   | Place    | Note
-------+----------+-------------------------------------------
     0 | D:1      | KittyFluff the Gargoyle Berserker began the quest for the
                  | Orb.
     0 | D:1      | Reached XP level 1. HP: 14/14 MP: 1/1
   142 | D:1      | Reached XP level 2. HP: 16/19 MP: 2/2
   303 | D:1      | Reached XP level 3. HP: 23/23 MP: 3/3
   782 | D:1      | Reached ** piety under Trog
   783 | D:1      | Reached skill level 1 in Stealth
  1245 | D:2      | Found a faded altar of an unknown god.
  1570 | D:2      | Reached XP level 4. HP: 22/28 MP: 4/4
  2264 | D:3      | Slain by a gnoll

Illustrated notes

Levels and vault maps discovered:
D:1:      amcnicky_arrival_abandoned_market, layout_loops_corners,
          chequers_serial_rivers_small_a, st_stairs_10,
          nicolae_concentric_dashed_squares_wild, minmay_worlds_worst_comb
D:2:      layout_rooms, hellmonk_ecumenical_altar_lost_god
D:3:      layout_basic, minmay_circle_x

Skill      XL: |  1  2  3 |
---------------+----------+-----
Stealth        | 1 |  1.4
Armour         | 3 |  3.4
Dodging        | 2 |  2.0
Fighting       | |  3.6
Maces & Flails | |  3.8

Action                     |  1- 3 |  4- 6 || total
---------------------------+-------+-------++-------
  Melee: Mace              |   143 |    76 ||   219
         Punch             |     2 |       ||     2
    Use: Scroll            |     2 |       ||     2
   Stab: Sleeping          |     3 |       ||     3
 Armour: Animal skin       |    33 |       ||    33
         Leather armour    |    35 |    44 ||    79
  Dodge: Dodged            |   117 |    54 ||   171
